Map: Ice and Chrome LE

Players

SortOf

  • Race: Zerg Zerg
  • League: Master
  • Spawn Location: 1:00

LiquidMaNa (MaNa) - Winner!

  • Race: Protoss Protoss
  • League: Grandmaster
  • Spawn Location: 7:00

Event: War Chest Team League

VOD

Have the link to the VOD?

Description

Time

  • Played on: July 24, 2020, 9:53 a.m.
  • Length: 14:30
Show
View Real Time Build Order
Export as new Build Order

SortOf Zerg 

Build Orders: Hatch First, Roach Nydus 

Get SALT Encoding   

  12  0:01  Drone  
  13  0:13  Drone  
  14  0:33  Hatchery  
  13  0:37  Drone  
  14  0:45  Overlord  
  14  0:52  Extractor  
  14  0:53  Drone  
  15  1:05  Spawning Pool  
  15  1:09  Drone  
  15  1:15  Drone  
  16  1:20  Extractor  
  16  1:21  Drone  
  16  1:24  Drone  
  17  1:33  Drone  
  18  1:42  Drone  
  18  1:45  Drone  
  20  1:52  Queen  
  23  1:54  Zergling x2  
  23  1:58  Queen  
  25  2:05  Overlord  
  25  2:08  Drone  
  25  2:11  Drone  
  27  2:19  Zergling x2  
  28  2:24  Drone  
  28  2:26  Drone  
  30  2:40  Hatchery  
  29  2:46  Drone  
  29  2:47  Overlord  
  29  2:49  Drone  
  29  2:51  Drone  
  32  2:55  Drone  
  33  2:59  Queen  
  33  3:03  Drone  
  36  3:07  Drone  
  36  3:10  Drone x2  
  39  3:14  Overlord  
  39  3:15  Drone  
  39  3:17  Drone  
  41  3:22  Drone x2  
  43  3:32  Roach Warren  
  43  3:33  Lair, Drone  
  43  3:36  Drone  
  43  3:40  Spore Crawler  
  42  3:41  Drone  
  42  3:43  Drone  
  42  3:44  Drone  
  42  3:47  Drone x2  
  47  3:50  Extractor  
  47  3:51  Extractor  
  47  3:52  Overlord  
  47  3:53  Drone  
  46  3:58  Queen  
  46  4:01  Drone  
  49  4:03  Drone  
  49  4:07  Overlord  
  49  4:09  Overlord  
  50  4:16  Roach x3  
  56  4:19  Drone x2  
  56  4:21  Drone  
  56  4:23  Drone  
  59  4:26  Spore Crawler  
  59  4:29  Drone  
  59  4:34  Drone x3  
  59  4:36  Overseer  
  62  4:38  Overseer  
  62  4:43  Roach x2  
  66  4:49  Spore Crawler  
  66  4:51  Nydus Network  
  64  4:54  Roach x2  
  67  5:04  Roach x3  
  67  5:05  Drone  
  67  5:07  Roach x2  
  73  5:13  Overlord  
  73  5:20  Nydus Network  
  72  5:22  Overlord  
  72  5:24  Overlord  
  72  5:28  Overlord  
  72  5:31  Overlord  
  72  5:35  Roach  
  74  5:41  Roach x3  
  74  5:42  Roach  
  82  5:47  Roach x2  
  86  5:55  Roach  
  86  5:56  Nydus Canal  
  86  6:01  Ravager, Queen  
  86  6:03  Queen  
  90  6:10  Overlord  
  89  6:11  Overlord  
  89  6:13  Drone  
  91  6:18  Ravager  
  91  6:19  Ravager  
  91  6:21  Drone x2  
  94  6:27  Drone x4  
  94  6:31  Overlord  
  98  6:34  Drone  
  98  6:37  Nydus Canal  
  99  6:40  Drone  
  99  6:43  Glial Reconstitution  
  99  6:44  Drone  
  99  6:46  Drone  
  98  6:49  Drone  
  98  6:50  Drone  
  96  6:57  Roach x3  
  96  6:59  Overlord  
  102  7:02  Drone  
  102  7:08  Roach x2  
  107  7:10  Queen  
  107  7:14  Evolution Chamber  
  107  7:15  Drone x3  
  111  7:19  Overlord  
  111  7:20  Overlord  
  111  7:30  Drone x6  
  111  7:32  Extractor x2  
  111  7:33  Overlord  
  111  7:34  Ravager x2  
  111  7:35  Ravager  
  116  7:40  Metabolic Boost  
  116  7:43  Drone x2  
  118  7:47  Zergling x2  
  118  7:48  Zergling x4  
  118  7:49  Zerg Missile Weapons Level 1  
  121  8:01  Overlord  
  121  8:04  Zergling x8  
  125  8:07  Overseer  
  125  8:12  Zergling x10  
  130  8:16  Ravager x3  
  133  8:20  Drone x2  
  133  8:22  Zergling x8  
  138  8:28  Zergling x4  
  138  8:32  Hatchery  
  138  8:33  Zergling x6  
  142  8:35  Overlord  
  142  8:38  Roach x2  
  146  8:44  Extractor  
  146  8:47  Roach x3  
  151  8:51  Overseer  
  151  8:53  Roach x3  
  151  8:55  Ravager x2  
  159  8:56  Overlord  
  159  8:59  Roach  
  159  9:00  Overlord  
  159  9:01  Roach  
  163  9:03  Roach  
  163  9:05  Roach  
  163  9:08  Roach  
  167  9:14  Roach x3  
  167  9:15  Roach  
  172  9:18  Overlord  
  172  9:21  Roach x2  
  173  9:28  Nydus Canal  
  173  9:30  Roach x4  
  174  9:33  Roach  
  174  9:36  Roach  
  151  9:47  Roach x6  
  151  9:52  Nydus Canal, Roach  
  145  9:53  Roach  
  145  9:56  Roach  
  145  9:59  Roach x2  
  153  10:00  Roach  
  153  10:03  Roach  
  150  10:07  Roach  
  150  10:10  Roach x2  
  150  10:12  Roach  
  144  10:18  Roach x3  
  148  10:24  Roach x3  
  148  10:27  Nydus Canal  
  144  10:29  Roach x2  
  144  10:33  Drone x3  
  149  10:37  Drone x2  
  149  10:39  Overseer  
  150  10:42  Ravager x3  
  150  10:43  Ravager  
  150  10:44  Drone x4  
  153  10:51  Zergling x8  
  153  10:52  Zergling x2  
  153  10:53  Drone  
  159  11:01  Zergling x14  
  156  11:04  Drone x2  
  156  11:09  Zerg Melee Weapons Level 1, Baneling Nest  
  153  11:19  Zergling x14  
  160  11:33  Ravager x3  
  160  11:34  Evolution Chamber  
  160  11:35  Hatchery  
  160  11:38  Zergling x16  
  160  11:39  Ravager  
  171  11:40  Ravager x2  
  171  11:41  Ravager  
  171  11:42  Ravager x2  
  171  11:43  Overlord  
  173  11:52  Centrifical Hooks  
  166  11:55  Drone x8  
  171  12:05  Drone x4  
  171  12:06  Drone x3  
  175  12:11  Spore Crawler  
  175  12:14  Drone x5  
  179  12:27  Zergling x14  
  184  12:31  Overlord  
  184  12:35  Infestation Pit  
  183  12:40  Zergling x12  
  183  12:43  Baneling x11  
  189  12:44  Baneling  
  189  12:50  Queen  
  188  12:57  Drone  
  188  12:58  Drone x3  
  180  13:06  Drone x4  
  180  13:09  Drone x2  
  180  13:10  Drone x2  
  180  13:11  Drone  
  189  13:15  Spore Crawler  
  189  13:17  Baneling x5  
  189  13:18  Baneling x8  
  188  13:26  Baneling x12  
  188  13:29  Zergling x8  
  186  13:37  Zergling x16  
  165  13:44  Zergling x2  
  149  13:49  Zergling x8  
  149  13:53  Roach x7  
  146  14:01  Roach x6  
Show
View Real Time Build Order
Export as new Build Order

LiquidMaNa Protoss - Winner!

Build Orders: 1 Gate Expand, Oracle Opening, Phoenix Opening 

Get SALT Encoding   

  12  0:00  Probe  
  13  0:12  Probe  
  14  0:20  Pylon  
  14  0:24  Probe  
  15  0:34  Probe  
  15  0:42  Probe  
  16  0:44  Gateway  
  17  0:52  Assimilator, Probe  
  18  1:04  Probe  
  19  1:13  Probe  
  20  1:21  Probe  
  21  1:30  Nexus  
  21  1:39  Cybernetics Core  
  21  1:42  Probe  
  22  1:48  Assimilator  
  22  1:53  Pylon  
  22  1:56  Probe  
  23  2:06  Adept  
  23  2:11  Probe  
  24  2:17  Warp Gate  
  26  2:23  Probe  
  26  2:30  Stalker  
  26  2:31  Stargate  
  26  2:35  Probe  
  27  2:41  Probe  
  30  2:47  Probe  
  31  2:53  Probe  
  32  3:00  Pylon, Probe  
  32  3:05  Oracle, Probe  
  33  3:09  Adept  
  33  3:12  Probe  
  37  3:18  Probe  
  41  3:24  Probe  
  41  3:25  Gateway  
  42  3:30  Probe  
  43  3:36  Probe  
  44  3:41  Phoenix  
  44  3:42  Probe  
  44  3:47  Assimilator  
  44  3:48  Probe  
  48  3:49  Assimilator  
  48  3:54  Probe  
  49  3:55  Pylon  
  49  4:00  Probe  
  50  4:05  Adept  
  50  4:06  Probe  
  53  4:12  Probe  
  53  4:13  Oracle, Pylon  
  53  4:16  Probe  
  57  4:20  Probe  
  57  4:21  Adept  
  60  4:24  Probe  
  60  4:29  Probe  
  62  4:32  Twilight Council, Probe  
  62  4:33  Forge  
  64  4:47  Nexus  
  64  4:50  Probe x2  
  66  5:02  Probe x2  
  66  5:06  Robotics Facility  
  68  5:11  Protoss Ground Weapons Level 1  
  68  5:12  Charge  
  64  5:14  Probe x2  
  64  5:15  Pylon  
  64  5:18  Stalker  
  64  5:19  Zealot  
  70  5:27  Shield Battery  
  70  5:28  Pylon  
  70  5:32  Pylon  
  70  5:33  Probe  
  71  5:37  Probe  
  71  5:40  Gateway, Sentry  
  71  5:41  Sentry  
  76  5:45  Probe  
  76  5:48  Immortal  
  76  5:49  Dark Shrine  
  79  6:01  Photon Cannon  
  77  6:04  Pylon  
  77  6:06  Stalker  
  77  6:07  Stalker  
  81  6:18  Gateway  
  81  6:19  Gateway  
  80  6:25  Immortal  
  80  6:32  Stalker x2  
  88  6:47  Cybernetics Core  
  88  6:48  Sentry  
  90  6:56  Zealot  
  90  7:00  Pylon  
  92  7:01  Protoss Ground Weapons Level 2  
  92  7:02  Immortal  
  96  7:19  Nexus  
  96  7:20  Pylon  
  96  7:23  Probe x2  
  97  7:34  Gateway  
  97  7:35  Gateway  
  97  7:40  Gateway  
  97  7:41  Sentry x3  
  103  7:45  Gateway, Observer  
  103  7:50  Gateway  
  104  8:00  Probe x2  
  106  8:08  Templar Archives  
  106  8:10  Zealot  
  106  8:11  Zealot  
  110  8:25  Photon Cannon  
  110  8:26  Warp Prism  
  110  8:27  Pylon  
  110  8:31  Probe x2  
  110  8:32  Psionic Storm  
  112  8:39  Probe  
  112  8:41  Assimilator  
  115  8:43  Probe x2  
  115  8:45  Assimilator  
  115  8:47  High Templar x4  
  125  8:51  Probe  
  126  8:58  Zealot x3  
  126  9:02  Pylon  
  132  9:14  Shield Battery  
  132  9:16  Pylon  
  132  9:18  Pylon  
  132  9:20  Pylon  
  132  9:22  Dark Templar x3  
  138  9:25  Zealot  
  139  9:35  Dark Templar x2  
  139  9:36  Zealot x2  
  113  9:55  Zealot x4  
  117  10:00  Zealot  
  100  10:20  Dark Templar x2  
  100  10:21  Zealot x2  
  100  10:23  Probe  
  100  10:26  Probe x2  
  107  10:34  Archon  
  103  10:44  Probe x2  
  106  10:51  Assimilator  
  106  10:52  High Templar x3  
  106  10:56  Probe x2  
  114  11:04  Zealot x2  
  114  11:05  Probe  
  114  11:07  Probe x2  
  118  11:13  Probe  
  118  11:15  Probe x2  
  118  11:16  Pylon  
  119  11:21  Probe  
  119  11:23  Probe x2  
  119  11:24  High Templar x3  
  130  11:38  Nexus  
  130  11:39  Zealot x2  
  134  11:43  Zealot  
  136  12:06  Nexus  
  136  12:07  Zealot  
  138  12:09  High Templar x4  
  138  12:13  Archon x2  
  146  12:19  Photon Cannon, Pylon  
  146  12:23  Photon Cannon  
  146  12:30  High Templar  
  148  12:56  High Templar x3  
  148  12:57  Zealot  
  156  13:00  Shield Battery  
  156  13:01  Photon Cannon  
  156  13:20  Pylon, Probe x3  
  156  13:23  Pylon x2, Fleet Beacon  
  159  13:27  Zealot x3  
  159  13:28  Zealot x2  
  169  13:41  Archon  
  158  13:42  Archon  
  124  13:48  Zealot x8  
  124  13:52  Probe  
  126  14:13  Zealot x8  
  130  14:20  Archon  
Tags
 
Add a new tag
Caveats
  • Supply blocks, unpowered buildings, or Contaminate may cause inaccurate times.
  • Supply counts are checked every 10 seconds.